 Dungeon Crawl Stone Soup version 0.28.0-45-g0d030f2227 (webtiles) character file.

Game seed: 15936233743828655490

480 Zeld the Conjurer (level 6, -11/50 HPs)
             Began as a Draconian Conjurer on Apr 19, 2022.
             Mangled by an ogre
             ... wielding a +0 giant spiked club
              (16 damage)
             ... on level 4 of the Dungeon.
             The game lasted 00:06:34 (4812 turns).

Zeld the Conjurer (Draconian Conjurer)              Turns: 4812, Time: 00:06:34

Health: -11/50     AC:  8    Str:  9    XL:     6   Next: 86%
Magic:  11/11      EV: 12    Int: 20    God:
Gold:   167        SH:  0    Dex: 10    Spells: 0/11 levels left

rFire   . . .      SeeInvis .   (no weapon)
rCold   . . .      Faith    .   (no shield)
rNeg    . . .      Spirit   .   (armour unavailable)
rPois   .          Reflect  .   (helmet restricted)
rElec   .          Harm     .   j - +0 cloak
rCorr   .          Rampage  .   b - +0 pair of gloves
Will    .....                   (no boots)
Stlth   +.........              (no amulet)
HPRegen 0.16/turn               (no ring)
MPRegen 0.12/turn               (no ring)

@: very slow
A: AC +6, unfitting armour, cold-blooded
a: no special abilities


You were on level 4 of the Dungeon.
You visited 1 branch of the dungeon, and saw 4 of its levels.

You collected 167 gold pieces.

Inventory:

Armour
 b - a +0 pair of gloves (worn)
 j - a +0 cloak (worn)
Scrolls
 c - a scroll of fog {unknown}
 d - 5 scrolls of identify {unknown}
 e - a scroll of holy word {unknown}
 g - a scroll of teleportation {unknown}
 h - a scroll of enchant weapon {unknown}
 m - a scroll of fear {unknown}
 n - a scroll of immolation {unknown}
Potions
 a - 2 potions of degeneration {unknown}
 f - 2 potions of curing {unknown}
 i - a potion of brilliance {unknown}
 k - a potion of attraction {unknown}
 l - a potion of lignification {unknown}


   Skills:
 + Level 2.9 Fighting
 - Level 3.0 Dodging
 - Level 3.0 Stealth
 + Level 3.3 Spellcasting
 * Level 5.7 Conjurations
 + Level 0.9 Hexes
 + Level 0.8 Translocations


You couldn't memorise any spells.
You knew the following spells:

 Your Spells              Type           Power      Damage    Failure   Level
a - Magic Dart            Conj           100%       1d8       1%          1
b - Searing Ray           Conj           52%        2d6       1%          2
c - Fulminant Prism       Conj/Hex       8%         3d7       34%         4
d - Iskenderun's Mystic   Conj/Tloc      16%        2d5       34%         4

Your spell library contained the following spells:

 Spells                   Type           Power      Damage    Failure   Level
 Dazzling Flash           Conj/Hex       32%        N/A       11%         3
 Gell's Gravitas          Tloc           6%         N/A       30%         3
 Teleport Other           Tloc           6%         N/A       30%         3
 Dispersal                Tloc           3%         N/A       100%        6


Dungeon Overview and Level Annotations

Branches:
Dungeon (4/15)             Temple (0/1) D:4

Altars:

Shops:
D:1 :   D:3 [


Innate Abilities, Weirdness & Mutations

Your plain brown scales are hard. (AC +6)
You cannot fit into any form of body armour.
You are cold-blooded and may be slowed by cold attacks.


Message History

The ogre misses you.
An endoplasm comes into view.
You see here 2 glowing inky potions.
An orc comes into view. It is wielding a +0 hand axe.
The orc shouts!
A ball python comes into view.
The orc hits you but does no damage.
The ball python moves out of view.
The orc hits you but does no damage. The endoplasm freezes you.
You are frozen.
The orc barely misses you.
You enter the shallow water.
Moving in this stuff is going to be slow.
The ball python hisses angrily.
The ogre barely misses you. The endoplasm freezes you.
You are frozen.
There is a staircase to the Ecumenical Temple here.
You enter the shallow water.
Moving in this stuff is going to be slow.
The endoplasm freezes you.
You are frozen.
You feel yourself slow down.
You feel yourself speed up. The ball python bites you.
The ball python grabs you. The ball python constricts you.
The ball python bites you but does no damage.
The ball python constricts you.
The ogre hits you with a +0 giant spiked club!
The ball python barely misses you. The ball python constricts you.
The ball python's grasp on you weakens, but your attempt to escape fails.
The ball python bites you but does no damage.
The ball python constricts you. The endoplasm freezes you.
You are frozen.
The ogre hits you with a +0 giant spiked club!
* * * LOW HITPOINT WARNING * * *
The ball python barely misses you. The ball python constricts you.
Unknown command.
You escape the ball python's grasp.
The ogre hits you with a +0 giant spiked club!
You die...

#.....#.. #######.... #.....#.#
##)......###
#...?.$.#####..####### #
#.........## #### ######..#######
#)). #####..≈≈≈...## #)##
##..!..≈≈§≈≈...# ##.#
##.K###≈≈≈§o≈§..# ##..# #..##
#§§≈>KJ@#.# #..## ####.##
#≈≈§§§O≈...########.####
#....#####.≈≈§≈S.................
............§≈≈....#..#####..####
#######....#....#####.### #.#####
#......>#......# ....##......
#...........#.## #..#.#####
#.......#####..# #####...#####
#........ .... .............


You could see an ogre, an orc, an endoplasm, a ball python and a kobold.

Vanquished Creatures
  A kobold brigand (D:4)
  2 water moccasin skeletons (D:3)
  2 scorpion zombies (D:3)
  2 iguanas (D:2)
  An orc wizard (D:4)
  A hound zombie (D:3)
  A howler monkey zombie (D:3)
  4 gnolls (D:3)
  An adder (D:2)
  An ufetubus (D:3)
  2 adder zombies (D:3)
  2 adder skeletons (D:3)
  2 worms
  3 dart slugs
  4 orcs
  2 endoplasms (D:2)
  5 giant cockroaches
  8 goblins
  9 hobgoblins
  6 jackals (D:2)
  7 kobolds
  4 quokkas
  8 ball pythons
  3 ball python skeletons (D:3)
  A frilled lizard (D:3)
  A giant cockroach zombie (D:3)
  A jackal skeleton (D:3)
  7 rats
91 creatures vanquished.

Vanquished Creatures (others)
  4 withered plants (D:3)
4 creatures vanquished.

Grand Total: 95 creatures vanquished

Notes
Turn   | Place    | Note
-------+----------+-------------------------------------------
     0 | D:1      | Zeld the Draconian Conjurer began the quest for the Orb.
     0 | D:1      | Reached XP level 1. HP: 14/14 MP: 3/3
   135 | D:1      | Found Luhegaot's Book Shoppe.
   391 | D:1      | Reached XP level 2. HP: 13/22 MP: 0/5
   736 | D:1      | Found a faded altar of an unknown god.
  1267 | D:2      | Reached XP level 3. HP: 27/27 MP: 1/6
  1288 | D:2      | Reached skill level 1 in Fighting
  1456 | D:2      | Learned a level 2 spell: Searing Ray
  2840 | D:2      | Reached XP level 4. HP: 25/35 MP: 0/7
  3100 | D:3      | Found Tuenoes's Antique Armour Boutique.
  3326 | D:3      | Reached XP level 5. HP: 36/41 MP: 3/9
  3476 | D:3      | Reached skill level 5 in Conjurations
  3990 | D:3      | Reached XP level 6. HP: 48/49 MP: 2/10
  4002 | D:3      | Learned a level 4 spell: Fulminant Prism
  4007 | D:3      | Learned a level 4 spell: Iskenderun's Mystic Blast
  4784 | D:4      | Found a staircase to the Ecumenical Temple.
  4812 | D:4      | Mangled by an ogre

Illustrated notes

Levels and vault maps discovered:
D:1:      ncdulo_halloftheorcs, layout_loops_ring, serial_shops,
          nicolae_diamond_shop, shapermc_ecumenical_altar_pompeii
D:2:      layout_basic, minivault_11, serial_park_tiny_2
D:3:      layout_basic, serial_shops, shop, serial_undead, serial_undead_e,
          serial_undead_d, serial_undead_d, serial_undead_b, serial_undead_a,
          serial_undead_d, serial_undead_e, serial_undead_c,
          minmay_close_crescents
D:4:      kennysheep_the_goblin_king, layout_rooms, minmay_temple_entry_mist,
          uniq_menkaure

Skill      XL: |  1  2  3  4  5  6 |
---------------+-------------------+-----
Stealth        | 2 3 |  3.0
Dodging        | 2 3 |  3.0
Fighting       | 1 2 |  2.9
Conjurations   | 5 |  5.7
Spellcasting   | 3 |  3.3
Hexes          | |  0.9
Translocations | |  0.8

Action                   |  1- 3 |  4- 6 || total
-------------------------+-------+-------++-------
Melee: Unarmed           |    71 |    44 ||   115
       Tailslap          |     6 |    12 ||    18
       Punch             |     1 |       ||     1
 Cast: Magic Dart        |    93 |    60 ||   153
       Searing Ray       |     6 |    11 ||    17
Armor: Skin              |    38 |    53 ||    91
Dodge: Dodged            |    70 |    76 ||   146
